 Dungeon Crawl Stone Soup version 0.30-a0-622-gddc90eaa04 (webtiles) character file.

Game seed: 2872545997849143535

2753 ragingrage the Zephyrmancer (level 9, -6/54 HPs)
             Began as an Octopode Artificer on Jan 10, 2023.
             Was an Initiate of Gozag.
             Mangled by an orange demon (12 damage)
             ... led by Amaemon
             ... on level 8 of the Dungeon.
             The game lasted 00:15:37 (10080 turns).

ragingrage the Zephyrmancer (Octopode Artificer)   Turns: 10080, Time: 00:15:38

Health: -6/54      AC:  1    Str: 20    XL:     9   Next: 68%
Magic:  8/22       EV: 18    Int: 15    God:    Gozag
Gold:   692        SH:  9    Dex: 18    Spells: 6/14 levels left

rFire   . . .      SeeInvis .    a - staff of conjuration
rCold   . . .      Faith    .    I - +0 buckler
rNeg    . . .      Spirit   .    (helmet restricted)
rPois   .          Reflect  +    h - amulet of reflection
rElec   .          Harm     .    m - +5 ring of evasion
rCorr   .          Rampage  .    v - ring of magical power
Will    .....                    y - +6 ring of dexterity
Stlth   +++++                    K - +6 ring of strength
HPRegen 0.29/turn                (no ring)
MPRegen 0.18/turn                (no ring)
                                 (no ring)
                                 (no ring)

@: about to teleport, gold aura, slowed, very slow
A: almost no armour, amphibious, 8 rings, camouflage 1, gelatinous body 1,
(nimble swimmer 1), tentacles
a: Renounce Religion, Potion Petition, Call Merchant, Bribe Branch


You were on level 8 of the Dungeon.
You worshipped Gozag.
Gozag was pleased with you.
You visited 2 branches of the dungeon, and saw 9 of its levels.
You also visited: Ossuary.

You collected 767 gold pieces.
You paid 75 gold pieces to Gozag.

Inventory:

Hand Weapons
 b - a +0 dagger of venom
 s - a +2 dagger of flaming
 w - a +0 heavy trident
Missiles
 H - 3 poisoned darts
 J - 14 boomerangs of dispersal
 N - 3 curare-tipped darts
Armour
 I - a +0 buckler (worn)
Magical Staves
 a - a staff of conjuration (weapon)
Jewellery
 h - an amulet of reflection (around mantle)
 m - a +5 ring of evasion (left tentacle)
 v - a ring of magical power (right tentacle)
 y - a +6 ring of dexterity (on tentacle)
 K - a +6 ring of strength (on tentacle)
Wands
 c - a wand of charming (12)
 d - a wand of iceblast (5)
 o - a wand of flame (12)
Scrolls
 f - 4 scrolls of enchant armour
 i - a scroll of teleportation
 j - a scroll of enchant weapon {unknown}
 k - 3 scrolls of identify
 l - 3 scrolls of fog
 n - 2 scrolls of vulnerability {unknown}
 u - a scroll of brand weapon
 x - 2 scrolls of poison {unknown}
 G - 2 scrolls of noise {unknown}
 L - a scroll of magic mapping {unknown}
 M - a scroll of fear {unknown}
Potions
 e - 6 potions of curing
 g - 2 potions of haste
 p - a potion of mutation {unknown}
 q - 2 potions of attraction {unknown}
 r - 3 potions of berserk rage {unknown}
 t - a potion of invisibility {unknown}
 z - 3 potions of flight {unknown}
 A - a potion of ambrosia {unknown}
 B - a potion of magic {unknown}
 C - a potion of brilliance {unknown}
 D - 3 potions of lignification {unknown}
 E - a potion of degeneration {unknown}
 F - 2 potions of heal wounds {unknown}
 O - a potion of might {unknown}


   Skills:
 + Level 2.0 Fighting
 - Level 1.0 Short Blades
 + Level 2.8 Dodging
 + Level 6.4 Stealth
 - Level 3.0 Spellcasting
 - Level 3.0 Conjurations
 * Level 10.2 Air Magic
 + Level 4.7 Evocations


You had 6 spell levels left.
You knew the following spells:

 Your Spells              Type           Power      Damage    Failure   Level
a - Shock                 Conj/Air       100%       1d9       1%          1
b - Swiftness             Air            33%        N/A       1%          3
c - Airstrike             Air            16%        2d(3-19)  4%          4

Your spell library contained the following spells:

 Spells                   Type           Power      Damage    Failure   Level


Dungeon Overview and Level Annotations

Branches:
Dungeon (8/15)             Temple (1/1) D:4         Ossuary (visited)
   Lair: D:8-11

Altars:
Ashenzari
Cheibriados
Fedhas
Gozag
Hepliaklqana
Makhleb
Okawaru
Qazlal
Ru
Trog
Vehumet
Wu Jian
Xom
Yredelemnul

Annotations:
D:6 2 runed translucent doors, exclusion: cyclops
D:8 exclusion: orange crystal statue, Amaemon, Erica


Innate Abilities, Weirdness & Mutations

You cannot wear most types of armour.
You are amphibious.
You can wear up to eight rings at the same time.
Your skin changes colour to match your surroundings (Stealth+).
Your rubbery body absorbs attacks. (AC +1, EV +1)
((You are camouflaged when in or above water. (Stealth+)))
You have tentacles for arms and can constrict up to eight enemies at once.


Message History

As you read the scroll labelled KIFAPU YXUS, it crumbles to dust.
It is a scroll of brand weapon.
Your +2 vampiric dagger is engulfed in flames!
s - a +2 dagger of flaming
As you read the scroll of teleportation, it crumbles to dust.
You feel strangely unstable.
You feel yourself slow down.
An orc comes into view.
It is wielding a +0 short sword and wearing a +2 leather armour of fire resistance.
Your surroundings suddenly seem different.
Amaemon and an orange demon come into view.
Amaemon is wielding a +1 demon whip of venom.
The orange demon screeches!
A gargoyle comes into view. It is wielding a +0 mace.
You block the orange demon's attack. The orange demon misses you.
Amaemon completely misses you. Amaemon claws you!
Amaemon tail-slaps you but does no damage.
You block Amaemon's attack. Amaemon barely misses you.
You block Amaemon's attack. The orange demon barely misses you.
You block the orange demon's attack.
As you read the scroll of teleportation, it crumbles to dust.
You feel strangely unstable.
Amaemon hits you with a +1 demon whip of venom!
* * * LOW HITPOINT WARNING * * *
You are lethally poisoned!
You block Amaemon's attack.
Amaemon tail-slaps you but does no damage.
The orange demon stings you!
* * * LOW HITPOINT WARNING * * *
You are more poisoned.
The orange demon poisons you! You block the orange demon's attack.
You feel better.
The orange demon stings you but does no damage.
You block the orange demon's attack. You block Amaemon's attack.
Amaemon barely misses you. Amaemon completely misses you.
You block Amaemon's attack. Amaemon claws you.
* * * LOW HITPOINT WARNING * * *
Amaemon tail-slaps you.
* * * LOW HITPOINT WARNING * * *
The orange demon stings you!
You die...
Your body crumbles into a pile of gold.

#..# #. .#
#. .# #.
.# ##. .#
## ..#.#
..
...#.####
##.......#
#.@6.9.#
#.4.......
#.######.#
#. ##


You could see Amaemon, an orange demon and a gargoyle.

Vanquished Creatures
  Joseph (D:8)
  A wyvern (D:7)
  A steam dragon (D:7)
  A water moccasin (D:6)
  A black bear (D:4)
  5 ice beasts
  An ogre (D:4)
  2 centaurs
  A kobold brigand (D:7)
  A bullfrog (D:7)
  2 scorpions
  A water moccasin zombie (Ossuary)
  3 wights
  3 electric eels (D:8)
  5 hounds
  A jelly (D:4)
  2 gnoll boudas
  An orc wizard (D:4)
  2 mummies (Ossuary)
  5 gnolls (D:7)
  4 adders
  3 white imps
  4 ufetubi
  8 adder zombies (Ossuary)
  2 worms (D:4)
  5 dart slugs
  16 orcs
  7 bats
  7 endoplasms
  2 giant cockroaches
  5 gnoll zombies (Ossuary)
  4 goblins
  9 hobgoblins
  2 jackals (D:2)
  A quokka (D:1)
  2 ball pythons
  4 frilled lizards
  A goblin zombie (D:5)
  2 hobgoblin zombies (Ossuary)
  8 kobolds
  8 kobold zombies (Ossuary)
  4 orc zombies (Ossuary)
  2 rats
  A rat zombie (D:5)
151 creatures vanquished.

Vanquished Creatures (collateral kills)
  A wight (D:7)
1 creature vanquished.

Vanquished Creatures (others)
  Pikel (D:7)
  A lemure (D:7)
  29 fungi (D:4)
  2 plants (D:3)
33 creatures vanquished.

Grand Total: 185 creatures vanquished

Notes
Turn   | Place    | Note
-------+----------+-------------------------------------------
     0 | D:1      | ragingrage the Octopode Artificer began the quest for the
                  | Orb.
     0 | D:1      | Reached XP level 1. HP: 13/13 MP: 1/1
   278 | D:1      | Reached XP level 2. HP: 8/18 MP: 2/2
   904 | D:1      | Reached XP level 3. HP: 21/23 MP: 3/3
  1382 | D:2      | You fall into a shaft and drop 2 floors!
  1384 | D:4      | Found a broken altar of Ashenzari.
  1384 | D:4      | Found a blossoming altar of Fedhas.
  1392 | D:4      | Reached XP level 4. HP: 28/28 MP: 4/4
  1403 | D:4      | Reached skill level 1 in Short Blades
  1409 | D:4      | Learned a level 1 spell: Shock
  1421 | D:4      | Noticed a black bear
  1509 | D:3      | Found a radiant altar of Vehumet.
  2732 | D:4      | Reached skill level 1 in Conjurations
  2732 | D:4      | Reached skill level 1 in Air Magic
  2732 | D:4      | Reached XP level 5. HP: 23/33 MP: 4/5
  3469 | D:5      | Entered Level 5 of the Dungeon
  3647 | D:5      | Reached skill level 1 in Spellcasting
  3647 | D:5      | Reached skill level 2 in Air Magic
  3647 | D:5      | Reached XP level 6. HP: 27/38 MP: 6/7
  3676 | D:5      | Found a sand-covered staircase.
  3713 | Ossuary  | Entered an ossuary
  3773 | Ossuary  | Learned a level 3 spell: Swiftness
  4984 | D:5      | Reached skill level 5 in Stealth
  5145 | D:4      | Killed a black bear
  5146 | D:4      | Reached skill level 3 in Air Magic
  5146 | D:4      | Reached XP level 7. HP: 29/43 MP: 10/10
  5451 | D:4      | Reached skill level 4 in Air Magic
  5588 | D:4      | Found a staircase to the Ecumenical Temple.
  5593 | Temple   | Entered the Ecumenical Temple
  5665 | Temple   | Became a worshipper of Gozag Ym Sagoz the Greedy
  6009 | D:6      | Found a large runed translucent door.
  6009 | D:6      | Found a large runed translucent door.
  6103 | D:6      | Learned a level 4 spell: Airstrike
  6249 | D:6      | Noticed a cyclops
  6263 | D:6      | Reached XP level 8. HP: 48/48 MP: 12/12
  6303 | D:6      | Noticed a manticore
  6548 | D:5      | Reached skill level 5 in Air Magic
  7027 | D:6      | Reached skill level 6 in Air Magic
  7137 | D:6      | Found an iron altar of Okawaru.
  7214 | D:6      | Reached skill level 7 in Air Magic
  7773 | D:7      | Noticed a wyvern
  7955 | D:7      | Reached skill level 8 in Air Magic
  8104 | D:7      | Noticed Pikel
  8131 | D:7      | Your ally Pikel died
  8132 | D:7      | Reached XP level 9. HP: 53/53 MP: 13/13
  8417 | D:7      | Reached skill level 9 in Air Magic
  9625 | D:8      | Reached skill level 10 in Air Magic
  9652 | D:8      | Found a stormy altar of Qazlal.
 10026 | D:8      | Noticed an orange crystal statue
 10069 | D:8      | Noticed Joseph
 10073 | D:8      | Noticed Erica
 10074 | D:8      | Killed Joseph
 10078 | D:8      | Noticed Amaemon
 10078 | D:8      | Noticed an orange demon
 10078 | D:8      | Noticed a gargoyle
 10080 | D:8      | Mangled by an orange demon

Illustrated notes

Levels and vault maps discovered:
D:1:      matt_arrival_grand_opening, layout_loops_corners
D:2:      layout_basic
D:3:      layout_loops_ring, mainiacjoe_overflow_chevrons, solitary_fountain
D:4:      layout_basic, grunt_temple_overflow_open, temple_doors_ab,
          serial_aquarium, aquarium_bridge_square [aquarium_subvault_wall,
          aquarium_subvault_wall, aquarium_subvault_wall,
          aquarium_subvault_bridge], aquarium_bridge_island_small
          [aquarium_subvault_small_open, aquarium_subvault_wall,
          aquarium_subvault_bridge, aquarium_subvault_window,
          aquarium_subvault_wall], aquarium_window_corner, aquarium_window_1,
          aquarium_window_corridor_1, aquarium_view_2g, aquarium_view_2e,
          aquarium_balcony_3b, aquarium_pool_side
D:5:      layout_basic, enter_ossuary_4
D:6:      hangedman_cross_stitches, layout_cave_pools,
          okawaru_ov_weapons_minmay, mainiacjoe_overflow_alcove_1,
          nicolae_dithmenos_the_darkroom, jmf_multi_god_temple2,
          minmay_guarded_unrand_staff_of_olgreb, uniq_sigmund
D:7:      layout_basic, palyth_stone_intersect, minivault_5,
          minmay_unpleasant_kobolds, uniq_pikel
D:8:      statuecave_lemuel, layout_basic, grunt_qazlal_sundering,
          kennysheep_generic_room_4, uniq_joseph, uniq_erica, uniq_amaemon
Temple:   dpeg_three_leaves_temple

Skill      XL: |  1  2  3  4  5  6  7  8  9 |
---------------+----------------------------+-----
Stealth        | 2 3 4 5 6 |  6.4
Evocations     | 4 |  4.7
Short Blades   | 1 |  1.0
Conjurations   | 1 2 3 |  3.0
Air Magic      | 1 2 3 4 8 10 | 10.2
Spellcasting   | 1 2 3 |  3.0
Fighting       | 2 |  2.0
Dodging        | |  2.8

Action                   |  1- 3 |  4- 6 |  7- 9 || total
-------------------------+-------+-------+-------++-------
Melee: Dagger            |    75 |    20 |     4 ||    99
       Club              |     4 |       |       ||     4
       Constrict         |    12 |    11 |     2 ||    25
       Tentacles         |    12 |     9 |     4 ||    25
       Staff             |       |     8 |     4 ||    12
       Punch             |       |     1 |       ||     1
Throw: Dart              |       |       |     1 ||     1
 Cast: Shock             |       |   199 |   183 ||   382
       Airstrike         |       |       |    22 ||    22
Evoke: Wand              |       |     3 |     3 ||     6
  Use: Scroll            |       |     5 |     3 ||     8
       Potion            |       |       |     1 ||     1
 Stab: Sleeping          |     8 |       |       ||     8
Armor: Skin              |     6 |     4 |     5 ||    15
Dodge: Dodged            |    44 |    92 |    39 ||   175
Block: Other             |    13 |    16 |       ||    29
       Reflection        |       |     1 |     5 ||     6
       Buckler           |       |       |    34 ||    34

Table legend: (Time is in decaauts)
 A = Elapsed time spent in this place.
 B = Non-inter-level travel time spent in this place.
 C = Inter-level travel time spent in this place.
 D = Time resting spent in this place.
 E = Time spent auto-exploring this place.
 F = Levels seen in this place.
 G = Mean time per level.
                   A        B        C        D        E       F      G
               +--------+--------+--------+--------+--------+-----+--------+
         Total |  10086 |   9570 |    516 |   2716 |   5327 |  10 | 1008.6 |
       Dungeon |   9155 |   8654 |    501 |   2350 |   4975 |   8 | 1144.4 |
        Temple |     81 |     66 |     15 |      0 |     58 |   1 |   81.0 |
       Ossuary |    848 |    848 |      0 |    366 |    294 |   1 |  848.0 |
               +--------+--------+--------+--------+--------+-----+--------+

Top non-repeatable levels by time:
     D:7: 2168 daAuts
     D:5: 1635 daAuts
     D:4: 1621 daAuts
     D:1: 1158 daAuts
     D:3: 1066 daAuts
 Ossuary: 848 daAuts
     D:6: 824 daAuts
     D:8: 460 daAuts
     D:2: 221 daAuts
  Temple: 81 daAuts
